Cogmind - Beta 13 X1 @@@ ROGUE MODE // 2023.09.23 @ 10:02:52 Player: f3-rnm Result: Destroyed by 6W-4FY(R) with Subdweller Laser Performance ------------- Evolutions (0) 0 Regions Visited (3) 600 Robots Destroyed (21) 105 Value Destroyed (587) 587 Prototype IDs (0) 0 Alien Tech Used (0) 0 Bonus (0) 0 TOTAL SCORE: 1292 Bonus ------- None Cogmind --------- Core Integrity 0/250 Matter 288/300 Energy 117/125 System Corruption 3% Temperature Cool (6) Movement Rolling (120) Ox1 Location -10/Subcaves Parts ------- > --- POWER (1) -------- Light Ion Engine > --- PROPULSION (2) --- Subdweller Monowheel > --- UTILITY (2) ------ Scrap Shield > --- WEAPON (2) ------- Makeshift Laser Light Cannon > --- INVENTORY (5) ---- Subdweller Power Source Subdweller Monowheel Beam Rifle Beam Rifle Grenade Launcher Peak State ------------ > --- POWER ------------ Ion Engine > --- PROPULSION ------- Light Treads Light Treads > --- UTILITY ---------- High-capacity Storage Unit Improved Targeting Computer > --- WEAPON ----------- Riot Gun Battle Rifle > --- INVENTORY -------- Light Ion Engine Subdweller Power Source Light Nuclear Core Subdweller Monowheel Heat Sink Small Storage Unit Sensor Array Transport Network Coupler ECM Suite Propulsion Shielding Beam Rifle Beam Rifle Beam Rifle Makeshift Laser Light Assault Rifle Light Assault Rifle Light Cannon Grenade Launcher Grenade Launcher Grenade Launcher [Rating: 14] Favorites ----------- Power Ion Engine Engine Ion Engine Propulsion Light Treads Treads Light Treads Wheel Subdweller Monowheel Utility High-capacity Storage Unit Storage High-capacity Storage Unit Processor Improved Targeting Computer Protection Propulsion Shielding Weapon Light Assault Rifle Energy Gun Riot Gun Ballistic Gun Light Assault Rifle Ballistic Cannon Light Cannon Launcher Grenade Launcher Build | -11 -10 -10 -10 ------- Run | Jun Mat Min Sub Slots Evolved . | . . . . Power . | . . . . Propulsion . | . . . . Utility . | . . . . Weapon . | . . . . Parts Attached 22 | 6 3 . 13 Power 2 | 1 . . 1 Engine 2 | 1 . . 1 Core . | . . . . Reactor . | . . . . Propulsion 7 | 2 1 . 4 Treads 5 | 2 1 . 2 Leg . | . . . . Wheel 2 | . . . 2 Hover . | . . . . Flight . | . . . . Utility 5 | 1 2 . 2 Device . | . . . . Storage 2 | 1 1 . . Processor 1 | . 1 . . Hackware . | . . . . Protection 2 | . . . 2 Artifact . | . . . . Weapon 8 | 2 . . 6 Energy Gun 2 | . . . 2 Energy Cannon . | . . . . Ballistic Gun 3 | 2 . . 1 Ballistic Cannon 1 | . . . 1 Launcher 2 | . . . 2 Special Weapon . | . . . . Impact Weapon . | . . . . Slashing Weapon . | . . . . Piercing Weapon . | . . . . Special Melee Weapon . | . . . . Unidentified Prototypes . | . . . . Corrupted Parts 1 | . . . 1 System Corruption 3 | . . . 3 Parts Lost 7 | . . . 7 Power 1 | . . . 1 Propulsion 4 | . . . 4 Utility . | . . . . Weapon 2 | . . . 2 Highest Loss Streak 2 | . . . 2 To Critical Strikes . | . . . . Average Slot Usage (%) 98 | . 98 100 95 Engine 13 | . 14 14 13 Treads 25 | . 27 28 21 Wheel 1 | . . . 4 Storage 13 | . 14 14 12 Processor 12 | . 12 14 10 Protection 1 | . . . 3 Energy Gun 3 | . . . 9 Ballistic Gun 20 | . 28 28 10 Ballistic Cannon 2 | . . . 6 Naked Turns . | . . . . Heaviest Build 51 | 12 47 47 51 Greatest Support 40 | 40 40 40 40 Greatest Overweight (x) 2 | . 1 1 2 Average Overweight (x) . | . . 1 1 Largest Inventory Capacity 20 | 8 20 20 20 Average Capacity 18 | 7 15 20 18 Most Carried 20 | 5 15 20 20 Average Carried 16 | 2 10 19 17 Final Capacity 20 | 8 20 20 5 Final Carried 20 | 2 15 20 5 Class Distribution -------------------- 100% | Mutant Dominant Class ---------------- Mutant | -10/Materials Mutant | -10/Mines Mutant | -10/Subcaves Resources | -11 -10 -10 -10 ----------- Run | Jun Mat Min Sub Matter Collected 636 | 106 137 115 278 Remotely . | . . . . Salvage Created 668 | . 194 90 384 Parts 39 | . 15 3 21 Haulers Intercepted 1 | . 1 . . Recyclers Shooed . | . . . . Parts Field Recycled . | . . . . Retrieved Matter . | . . . . Parts Self-Destructed 20 | . . . 20 Prevented 2 | . . . 2 Kills | -11 -10 -10 -10 ------- Run | Jun Mat Min Sub Combat Hostiles Destroyed 17 | . 5 2 10 Guns 15 | . 5 2 8 Cannons 2 | . . . 2 Classes Destroyed 6 | . 4 . 2 Hauler 1 | . 1 . . Turret 2 | . . . 2 Watcher 1 | . 1 . . Swarmer 6 | . 3 . 3 Grunt 5 | . 2 2 1 Subdweller 6 | . . . 6 Best Kill Streak 3 | . 3 1 3 Combat Bots Only 3 | . 3 1 3 Max Kills in Single Turn 2 | . 1 1 2 Gunslinging . | . . . . Exploded . | . . . . Melee . | . . . . Uniques/NPCs Destroyed . | . . . . Combat | -11 -10 -10 -10 -------- Run | Jun Mat Min Sub Damage Taken 1310 | . 188 139 983 Core 253 | . 43 43 167 Absorbed by Shields . | . . . . Redirected to Shielding 14 | . . . 14 Core Remaining (%) 100 | 100 . . . Volleys Fired 90 | 1 23 15 51 Largest 2 | 2 2 2 2 Hottest 85 | 40 40 40 85 Shots Fired 178 | 2 46 30 100 Gun 155 | 2 46 30 77 Cannon 22 | . . . 22 Launcher 1 | . . . 1 Special . | . . . . Kinetic 145 | 2 46 30 67 Thermal 19 | . . . 19 Explosive 1 | . . . 1 Electromagnetic 13 | . . . 13 Robot Hit Streak 29 | 1 5 12 29 Robot Miss Streak 2 | 1 2 1 2 Penetration Max . | . . . . Secondary Targets 1 | . . . 1 Max Gunslinging Chain 1 | . . . 1 Shots Hit Robots 133 | 1 30 22 80 Core Hits 50 | 1 15 10 24 Critical Kills . | . . . . Critical Parts Destroyed . | . . . . Critical Strikes 4 | . . . 4 Burn 3 | . . . 3 Destroy 1 | . . . 1 Melee Attacks . | . . . . Impact . | . . . . Slashing . | . . . . Piercing . | . . . . Sneak Attacks . | . . . . Combat Hostiles . | . . . . Follow-up Attacks . | . . . . Damage Inflicted 1587 | 6 259 211 1111 Guns 1275 | 6 259 185 825 Cannons 286 | . . . 286 Explosions . | . . . . Melee . | . . . . Ramming 26 | . . 26 . Kinetic 1082 | 6 259 185 632 Thermal 297 | . . . 297 Explosive . | . . . . Electromagnetic 182 | . . . 182 Impact . | . . . . Slashing . | . . . . Piercing . | . . . . Highest Corruption 3 | . . . 3 Average Corruption 3 | . . . 3 Corruption Purged . | . . . . Corruption Blocked . | . . . . Effects 9 | . . . 9 Message Errors 4 | . . . 4 Matter Fused 1 | . . . 1 Heat Flow Errors 1 | . . . 1 Energy Discharges 1 | . . . 1 Data Loss (minor) 1 | . . . 1 Alerts 1 | . . . 1 Overload Shots . | . . . . Overflow Damage . | . . . . Projectiles . | . . . . Explosions . | . . . . Melee . | . . . . Knockbacks 3 | . . . 3 Impact . | . . . . Kinetic 3 | . . . 3 Secondary . | . . . . Self-Inflicted Damage . | . . . . Shots . | . . . . Rammed 4 | . . 4 . Targets Rammed 4 | . . 4 . Kicked . | . . . . Crushed . | . . . . Highest Temperature 161 | . 18 18 161 Average Temperature 18 | . 11 10 34 Received Heat Transfer 519 | . 69 78 372 Siege Activations . | . . . . Robots Corrupted . | . . . . Combat Hostiles . | . . . . Parts Fried . | . . . . Impact Corruptions . | . . . . Robots Melted . | . . . . Combat Hostiles . | . . . . Parts Melted . | . . . . Heat Transferred 851 | . . . 851 Parts Sabotaged . | . . . . Parts Stolen . | . . . . Parts Stripped . | . . . . Power Chain Reactions . | . . . . Missiles Intercepted . | . . . . Alert | -11 -10 -10 -10 ------- Run | Jun Mat Min Sub Peak Influence 217 | . 217 75 . Initial 25 | . . 25 . Average 35 | . 88 12 . Maximum Alert Level 1 | . 1 . . Low Security (%) 95 | 100 83 100 . Level 1 4 | . 16 . . Level 2 . | . . . . Level 3 . | . . . . Level 4 . | . . . . Level 5 . | . . . . High Security . | . . . . Max Security . | . . . . Squads Dispatched . | . . . . Investigation . | . . . . Extermination . | . . . . Reinforcement . | . . . . Assault . | . . . . Garrison . | . . . . Intercept . | . . . . Searches Triggered . | . . . . Construction Impeded . | . . . . Haulers Reinforced . | . . . . Active Scanning Responses . | . . . . Cargo Convoy Interrupts . | . . . . Stealth | -11 -10 -10 -10 --------- Run | Jun Mat Min Sub Distress Signals 1 | . 1 . . Communications Jammed . | . . . . Distress Signals . | . . . . Times Spotted 52 | . 13 3 36 Peak Tracking Total 5 | . 4 1 5 Tactical Retreats 7 | . 1 . 6 Traps | -11 -10 -10 -10 ------- Run | Jun Mat Min Sub Traps Triggered 1 | . 1 . . Indirectly . | . . . . Trap Hack Attempts . | . . . . Triggered . | . . . . Disarmed . | . . . . Reprogrammed . | . . . . Reused . | . . . . Traps Extracted . | . . . . Installed . | . . . . Triggered . | . . . . Machines | -11 -10 -10 -10 ---------- Run | Jun Mat Min Sub Machines Disabled 2 | . . . 2 Max in Single Turn 1 | . . . 1 Machines Repaired . | . . . . Machines Sabotaged . | . . . . Overloaded Fab Kills . | . . . . Hacking | -11 -10 -10 -10 --------- Run | Jun Mat Min Sub Machines Accessed 4 | . 4 . . Terminals 4 | . 4 . . Fabricators . | . . . . Repair Stations . | . . . . Recycling Units . | . . . . Scanalyzers . | . . . . Garrison Access . | . . . . Total Hacks 9 | . 9 . . Successful 5 | . 5 . . Failed 4 | . 4 . . Catastrophic . | . . . . Database Lockouts . | . . . . Manual 6 | . 6 . . Terminals 9 | . 9 . . Fabricators . | . . . . Repair Stations . | . . . . Recycling Units . | . . . . Scanalyzers . | . . . . Garrison Access . | . . . . Terminal Hacks 5 | . 5 . . Robot Analysis 2 | . 2 . . Branch Access Points 1 | . 1 . . Terminal Index 1 | . 1 . . Alert Level 1 | . 1 . . Fabricator Hacks . | . . . . Repair Station Hacks . | . . . . Recycling Unit Hacks . | . . . . Scanalyzer . | . . . . Garrison Access Hacks . | . . . . Unauthorized Hacks . | . . . . Terminals . | . . . . Fabricators . | . . . . Repair Stations . | . . . . Recycling Units . | . . . . Scanalyzers . | . . . . Garrison Access . | . . . . Data Cores Recovered . | . . . . Used . | . . . . Hacking Detections 3 | . 3 . . Full Trace Events . | . . . . Feedback Events . | . . . . Feedback Blocked . | . . . . Robot Schematics Acquired . | . . . . Robots Built . | . . . . Authchips . | . . . . Time . | . . . . Total Robot Build Rating . | . . . . Part Schematics Acquired . | . . . . Parts Built . | . . . . Authchips . | . . . . Time . | . . . . Total Part Build Rating . | . . . . Parts Repaired . | . . . . Time . | . . . . Parts Recycled . | . . . . Recycled Matter . | . . . . Retrieved Matter . | . . . . Retrieved Components . | . . . . Parts Scanalyzed . | . . . . Part Schematics Acquired . | . . . . Parts Damaged . | . . . . Bothacking | -11 -10 -10 -10 ------------ Run | Jun Mat Min Sub Used RIF Installer . | . . . . Robots Hacked . | . . . . Non-combat . | . . . . Combat . | . . . . Robot Hacks Applied . | . . . . Relay Couplers Released . | . . . . Fabnet Peak Effective % . | . . . . Robots Rewired . | . . . . Allies Hacked . | . . . . Hacks Repelled . | . . . . Allies | -11 -10 -10 -10 -------- Run | Jun Mat Min Sub Total Allies . | . . . . Largest Group . | . . . . Highest-Rated Group . | . . . . Highest-Rated Ally . | . . . . Total Orders . | . . . . Ally Attacks . | . . . . Total Damage . | . . . . Kills . | . . . . Allies Corrupted . | . . . . Allies Melted . | . . . . Intel | -11 -10 -10 -10 ------- Run | Jun Mat Min Sub Robot Analysis Total 2 | . 2 . . Derelict Logs Recovered 3 | . . 1 2 Drone Launches . | . . . . Drone Recoveries . | . . . . Exploration | -11 -10 -10 -10 ------------- Run | Jun Mat Min Sub Turns Passed 4508 | 62 821 1801 1824 Spaces Moved 1888 | 41 367 695 785 Core 17 | 17 . . . Treads 1553 | 24 367 695 467 Legs . | . . . . Wheels 318 | . . . 318 Hover . | . . . . Flight . | . . . . Fastest Speed 50 | 50 160 240 120 Average Speed 210 | 114 200 240 194 Slowest Speed 320 | 160 240 240 320 Overloaded Moves . | . . . . Propulsion Burnouts . | . . . . Robots Hopped . | . . . . Cave-ins Triggered . | . . . . Exploration Rate (%) 48 | 4 63 95 31 Regions Visited 3 Branch Regions 2 Pre-discovered Areas 1 | . . 1 . Known Exits Taken 1 | . 1 . . Unknown Exits Taken 2 | 1 . 1 . Scrap Searched 7 | . . 1 6 Spaces Dug . | . . . . Terrain Destroyed 4 | . . . 4 Melee . | . . . . Projectile . | . . . . AOE 4 | . . . 4 Terrain Rammed . | . . . . Walls Destroyed . | . . . . Machines Disabled . | . . . . Actions | -11 -10 -10 -10 --------- Run | Jun Mat Min Sub Total 2265 | 55 417 799 994 Wait 213 | . 10 81 122 Move 1885 | 40 366 694 785 Hop . | . . . . Pick Up 41 | 8 15 5 13 Fast Attach . | . . . . Attach 16 | 6 2 . 8 Detach . | . . . . Swap 6 | . 1 . 5 Drop 7 | . . . 7 Fire 90 | 1 23 15 51 Melee . | . . . . Ram . | . . . . Kick . | . . . . Crush 4 | . . 4 . Escape Stasis . | . . . . Rewire . | . . . . Trap . | . . . . Miscellaneous 3 | . . . 3 Route ------- -11/Junkyard -10/Materials (discovered 4 exits: [*Mat x2] / *Min x2) -10/Mines (discovered 3 exits: [*Mat x2] / [*Sub]) -10/Subcaves (discovered 1 exit: [*Rec]) History --------- Turn | Location | Event 7 | -11/Junkyard | Discovered new exit (range 15) 63 | -11/Junkyard | Entered Materials 73 | -10/Materials | Identified exit to Mines 192 | -10/Materials | Discovered new exit (range 9) 310 | -10/Materials | Build established: Mutant 709 | -10/Materials | Discovered new exit (range 16) 884 | -10/Materials | Entered Mines 904 | -10/Mines | Met a Derelict bent on vengeance 1104 | -10/Mines | Discovered new exit (range 15) 1365 | -10/Mines | Joined a pair of Derelicts in attacking an 0b10 outpost 1701 | -10/Mines | Discovered new exit (range 12) 1747 | -10/Mines | Discovered new exit (range 5) 1851 | -10/Mines | Learned location of Recycling (-8) 2685 | -10/Mines | Entered Subcaves 2812 | -10/Subcaves | Shifting Twisted Machinery released Mak. Laser 2825 | -10/Subcaves | Shifting Twisted Machinery released Riot Gun 3070 | -10/Subcaves | Learned location of 1 exit from Materials 3562 | -10/Subcaves | Discovered new exit (range 12) 3934 | -10/Subcaves | Core integrity fell below 50% 4129 | -10/Subcaves | Learned Materials emergency access door positions 4281 | -10/Subcaves | Core integrity fell below 20% 4509 | -10/Subcaves | Destroyed by 6W-4FY(R) with Subdweller Laser Last Messages --------------- 04339_ PCKOV/OWFOCXNPM8B X:KM9TNDMYT 04464_ Scrap Shield Fragment affixed to Scrap Shield (+27). 04467_ Scrap Shield Fragment affixed to Scrap Shield (+44). 04470_ Scrap Shield Fragment affixed to Scrap Shield (+17). 04505_ 6W-4FY(R) suffers critical hit (Burn). Map ----- +----------------------------------------------------+ | ????????????????????????# ?# #??# ##### | | ????????????????????????## %#?# ##??## ##???# | | ?????????????????????????####?######????####????# | | ????????????????????????????????????????????????# | | ???????????????????????????????????????????????## | | ???????????????????????????????????????????????# [ | | ???????????????????????????????????????????????## | | ?????????????????????????????###########????????#] | | ???????????????????????????###" "[![[![##???????# | | ???????????????????????????#" ""!!" ]!! ##?????## | | ??????????????????????????##"! % ####[ "#?????# | | ??????????????????????????#""%*& "#??##*"#?????# | | ??????????????????????????#""%[% ##???#]"#????## | | ??????????????????????????## ""|##??### "#????# | | ???????????????????????????######???#"" #????# | | ???????????????????????????########## ##????## | | ???????????????????????????# < # ! ##??????## | | ???????????????????????????# %& |%##"$"#??????## | | ???????????????????????????##<% #; ! ##""#???????# | | ??????????????????????????###;;;; <#####???????? | | ??????????????????????????#%;;; !%] < ####??????? | | ?????????????????????????## %& ## ????? | | ????????????????????????## *;;;;;;;#### #??? | | ????????????????###????## ;;;;;#### ####??? | | ???????????????## ##???# #?????? | | ???????????##### ##??# @ % #????# | | ????????#### ## #### ## ##???## | | ????????# %R % ####?? #???## | | ???###### ##?????? #???# | | ???# % #??????? ???# | | ???# ####### ##????????????# | | ???###### #?????### ### ##?????????????## | | ????????# #???????# ## ##???????????????#& | | ???????# ##??????## ###?????????????####% | | ???????## #??????## # ##???????###? ??## | | ???????? ## # #????????# ?## | | ??????? ###??????# ## | | ??????#" ## ## #??? ??# % | | ??????# ##?# ? #?### #?# ??## [ | | ?????? ??????? ????## ##?# #??## | | ?????## ???????#??????# #?## #??## | | ??????## #??????????##### ##?# #??# | | ???????##???????????# ### #??# #### | | ????????????????????# # #?## ## ## | | ???????????????????## ### ## | | ???????????????????# | | ???????????????????# | | ??????????????????## ##### %= | | ??????????????????# #???## = | | ??????????????????# #??## | +----------------------------------------------------+ Best States ------------- Heat Dissipation 25 Energy Generation 10 Energy Capacity 250 Matter Stores 300 Matter Capacity 300 Sight Range 16 Terrain Scan Density 10 Armor Coverage 800 Propulsion Shielding 33 Evasion (%) 50 Targeting Accuracy 6 Recoil Reduction 2 Item Schematics ----------------- None Robot Schematics ------------------ None Fabricated ------------ Nothing Alien Tech Used ----------------- None Achievements -------------- None Challenges ------------ None Game ------ Seed EnergyLobotomyDoublenader Manual? 0 Play Time 00:15:48 Cumulative 76.3 hours Start 2023.09.21 @ 19:26:50 End 2023.09.23 @ 10:02:52 Sessions 3 Manual Loads 0 Difficulty Rogue Special Mode None Game No. 74 Rogue 38 Adventurer 36 Explorer 0 Win Type - Total 7 Types 2/0/5/0/0/0/0/0/0 Lore% 45 Gallery% 68 Achievement% 57 Wizard Run 0 Options --------- ASCII 0 Keyboard 0 Movement Mouse Keybinds 0 Fullscreen 1 Font 18/SmallcapsGlow Map View 76x50 Tactical HUD 1 Map Filters NONE Filters NONE Steam 1 RUN: 2bc4695c-8ce4-490c-9a6a-72d62078f943